Map: Oxide LE

Players

Pumba - Winner!

  • Race: Zerg Zerg
  • League: Diamond
  • Spawn Location: 1:00

TheReckoner

  • Race: Protoss Protoss
  • League: Diamond
  • Spawn Location: 7:00

VOD

Have the link to the VOD?

Description

Time

  • Played on: Aug. 24, 2021, 6:20 p.m.
  • Length: 13:54
Show
View Real Time Build Order
Export as new Build Order

Pumba Zerg - Winner!

Build Orders: Pool First 

Get SALT Encoding   

  12  0:03  Drone  
  13  0:15  Overlord  
  13  0:18  Drone  
  14  0:34  Drone x2  
  16  0:42  Spawning Pool  
  15  0:46  Drone  
  16  0:50  Drone  
  17  1:07  Drone  
  18  1:17  Hatchery  
  18  1:25  Drone  
  18  1:27  Drone, Extractor  
  18  1:33  Queen  
  20  1:41  Zergling x2  
  20  1:46  Overlord  
  21  2:04  Drone  
  22  2:09  Queen  
  24  2:19  Drone  
  24  2:20  Drone  
  26  2:28  Metabolic Boost  
  26  2:35  Hatchery  
  24  2:38  Drone x2  
  24  2:40  Drone  
  27  2:49  Zergling x4  
  27  2:50  Zergling x2  
  30  2:54  Zergling x2  
  31  2:58  Zergling x2  
  32  3:05  Overlord  
  32  3:06  Drone  
  32  3:07  Drone  
  34  3:13  Drone  
  34  3:14  Drone  
  35  3:24  Drone x2  
  35  3:27  Spore Crawler  
  36  3:30  Drone x2  
  36  3:32  Overlord  
  39  3:36  Queen  
  41  3:45  Drone x2  
  43  3:56  Drone x7  
  43  3:57  Drone  
  51  4:17  Baneling Nest  
  50  4:18  Extractor  
  50  4:19  Drone x2  
  50  4:22  Drone x2  
  53  4:26  Overlord x3  
  53  4:27  Overlord  
  53  4:46  Drone x4  
  53  4:47  Lair, Drone x3  
  59  4:57  Drone x8  
  59  4:58  Queen x2  
  71  5:02  Spore Crawler  
  71  5:03  Spore Crawler  
  71  5:06  Spore Crawler  
  68  5:09  Overlord  
  68  5:10  Overlord x2  
  68  5:20  Zergling x6  
  71  5:22  Zergling x2  
  72  5:34  Queen x2  
  76  5:56  Extractor x2  
  74  5:57  Drone, Spire, Extractor x2  
  74  5:59  Queen  
  74  6:05  Drone x5  
  74  6:06  Drone  
  80  6:20  Hatchery  
  80  6:21  Drone  
  80  6:22  Drone x3  
  80  6:23  Hatchery  
  81  6:26  Drone x3  
  81  6:28  Drone x5  
  89  6:38  Evolution Chamber x2  
  87  6:45  Overseer x2  
  87  6:56  Zergling x16  
  95  7:01  Overlord x4  
  95  7:02  Overlord x3  
  94  7:26  Mutalisk x3  
  94  7:27  Mutalisk x3  
  106  7:35  Extractor  
  106  7:36  Zergling x6, Extractor  
  107  7:37  Mutalisk x6  
  118  7:45  Centrifugal Hooks  
  118  7:49  Drone x3  
  118  7:50  Drone  
  118  7:51  Drone x2  
  124  7:57  Overlord  
  124  7:58  Zergling x8  
  128  8:05  Hatchery x2  
  128  8:06  Hatchery x2  
  124  8:18  Spore Crawler  
  123  8:22  Zerg Ground Armor Level 1, Zerg Melee Weapons Level 1  
  123  8:29  Zergling x28  
  123  8:32  Baneling x12  
  133  8:50  Mutalisk x7  
  141  9:04  Zerg Flyer Weapons Level 1  
  141  9:18  Extractor x2  
  141  9:19  Mutalisk x5  
  147  9:34  Drone x3  
  147  9:37  Overlord x3  
  147  9:38  Overlord x4  
  150  9:41  Zergling x16  
  158  9:54  Baneling  
  158  9:55  Baneling x7  
  158  10:01  Baneling x21  
  158  10:02  Baneling  
  158  10:09  Drone x5  
  158  10:10  Drone  
  158  10:12  Drone x2  
  166  10:17  Zergling x8  
  170  10:27  Drone x8  
  178  10:35  Corruptor x2  
  172  11:02  Zergling x20  
  172  11:03  Zergling x30  
  182  11:06  Zergling x4  
  155  11:20  Zergling x18  
  150  11:35  Zergling x8  
  150  11:36  Zergling x20  
  161  11:44  Baneling x2  
  155  11:47  Drone x2  
  127  12:02  Hatchery  
  125  12:10  Zergling x12  
Show
View Real Time Build Order
Export as new Build Order

TheReckoner Protoss 

Build Orders: 1 Gate Expand 

Get SALT Encoding   

  12  0:00  Probe  
  13  0:14  Pylon  
  13  0:18  Probe (Chrono Boost)  
  14  0:28  Probe (Chrono Boost)  
  15  0:33  Probe (Chrono Boost)  
  16  0:39  Gateway  
  16  0:44  Probe  
  17  0:50  Assimilator  
  17  0:56  Probe  
  18  1:07  Pylon  
  18  1:09  Probe  
  19  1:21  Probe  
  20  1:29  Cybernetics Core  
  20  1:39  Nexus  
  20  1:50  Probe, Pylon  
  21  1:55  Assimilator  
  21  2:03  Adept (Chrono Boost)  
  23  2:11  Probe  
  24  2:23  Adept (Chrono Boost)  
  26  2:38  Gateway  
  26  2:42  Probe  
  27  2:46  Stargate  
  27  2:47  Stalker (Chrono Boost)  
  29  2:54  Probe  
  29  2:57  Shield Battery  
  30  3:10  Probe  
  30  3:11  Probe  
  30  3:29  Probe x2  
  30  3:31  Void Ray  
  36  3:36  Pylon  
  36  3:37  Warp Gate  
  36  3:39  Adept  
  38  3:41  Probe  
  38  3:44  Sentry  
  38  3:46  Probe  
  42  3:48  Assimilator  
  42  3:53  Probe  
  43  3:58  Probe  
  44  4:06  Probe  
  45  4:10  Probe  
  45  4:11  Void Ray (Chrono Boost)  
  50  4:18  Probe  
  50  4:21  Pylon  
  50  4:23  Probe  
  52  4:30  Probe  
  53  4:35  Probe  
  54  4:40  Nexus  
  54  4:41  Pylon  
  54  4:42  Probe  
  55  4:50  Robotics Facility  
  55  4:52  Shield Battery, Probe  
  56  4:57  Probe  
  56  4:59  Oracle (Chrono Boost)  
  57  5:04  Probe  
  61  5:08  Forge  
  61  5:09  Probe  
  62  5:15  Assimilator  
  62  5:17  Probe  
  63  5:24  Shield Battery  
  63  5:26  Shield Battery  
  63  5:28  Sentry x2  
  67  5:45  Probe, Pylon  
  67  5:47  Pylon  
  68  5:50  Immortal (Chrono Boost)  
  68  5:51  Probe  
  68  5:55  Probe  
  74  5:57  Robotics Bay, Probe  
  74  6:00  Protoss Ground Weapons Level 1 (Chrono Boost)  
  75  6:11  Probe x2  
  75  6:12  Probe  
  78  6:19  Photon Cannon  
  78  6:20  Pylon  
  78  6:22  Photon Cannon  
  78  6:23  Probe  
  78  6:24  Probe x2  
  81  6:26  Immortal  
  85  6:36  Probe x2  
  87  6:43  Stalker x2  
  87  6:46  Probe  
  92  6:48  Probe, Gateway  
  92  6:52  Gateway  
  92  6:54  Oracle (Chrono Boost)  
  93  6:55  Probe  
  97  7:10  Zealot x2  
  101  7:23  Probe  
  101  7:24  Probe x2  
  101  7:27  Assimilator  
  101  7:28  Photon Cannon  
  104  7:31  Photon Cannon  
  104  7:32  Shield Battery  
  104  7:33  Assimilator  
  104  7:34  Disruptor (Chrono Boost)  
  107  7:47  Zealot  
  107  7:49  Gravitic Drive (Chrono Boost)  
  109  7:51  Twilight Council  
  109  7:55  Pylon  
  109  7:59  Protoss Ground Armor Level 1 (Chrono Boost), Pylon  
  109  8:00  Pylon  
  109  8:05  Pylon  
  109  8:06  Probe x2  
  109  8:09  Probe  
  109  8:17  Photon Cannon  
  109  8:18  Probe x2  
  109  8:19  Gateway  
  111  8:24  Photon Cannon  
  111  8:26  Photon Cannon  
  111  8:28  Shield Battery  
  111  8:32  Void Ray (Chrono Boost)  
  111  8:34  Stalker x4  
  113  8:48  Photon Cannon  
  97  8:49  Photon Cannon  
  97  8:55  Phoenix (Chrono Boost)  
  88  9:04  Probe x3  
  88  9:07  Photon Cannon  
  88  9:09  Templar Archives  
  91  9:11  Photon Cannon  
  91  9:13  Phoenix (Chrono Boost), Photon Cannon  
  91  9:15  Photon Cannon  
  91  9:16  Probe x2  
  95  9:17  Shield Battery, Photon Cannon  
  95  9:20  Photon Cannon  
  95  9:22  Photon Cannon  
  95  9:23  Photon Cannon  
  95  9:29  Shield Battery  
  91  9:32  Probe x3  
  95  9:48  High Templar x2  
  95  9:49  High Templar x2  
  95  9:50  Zealot  
  104  9:55  Archon  
  104  9:56  Archon  
  104  10:05  Gateway  
  104  10:09  Gateway  
  104  10:11  Shield Battery, Gateway  
  104  10:13  Gateway  
  104  10:16  Photon Cannon  
  104  10:19  Shield Battery  
  104  10:21  High Templar  
  104  10:22  High Templar  
  104  10:23  High Templar x2  
  104  10:24  Zealot  
  114  10:29  Archon  
  114  10:30  Archon  
  114  10:39  Phoenix (Chrono Boost)  
  116  10:46  Stalker  
  118  10:55  Zealot  
  90  11:08  Probe  
  69  11:18  Zealot x4  
  73  11:19  Zealot x2  
  61  11:38  Zealot x2  
  61  11:39  Stalker  
  65  11:40  Stalker x4  
  65  11:44  Pylon  
  65  11:46  Pylon  
  54  12:09  Zealot x2  
Tags
 
Add a new tag
Caveats
  • Supply blocks, unpowered buildings, or Contaminate may cause inaccurate times.
  • Supply counts are checked every 10 seconds.